 Dungeon Crawl Stone Soup version 0.29-a0-82-g837932c90e (webtiles) character file.

Game seed: 3629873899259691521

198 cyrus the Slasher (level 6, -5/44 HPs)
             Began as a Djinni Gladiator on Jan 28, 2022.
             Was a Follower of Wu Jian.
             Slain by an orc (6 damage)
             ... on level 4 of the Dungeon on Feb 4, 2022.
             The game lasted 00:14:16 (5096 turns).

cyrus the Slasher (Djinni Gladiator)                Turns: 5096, Time: 00:14:16

Health: -5/44      AC:  7    Str: 15    XL:     6   Next: 6%
Gold:   46         EV: 11    Int:  9    God:    Wu Jian [*.....] SH:  0 Dex: 15

rFire   + + .      SeeInvis .   a - +0 long sword
rCold   x . .      Faith    .   (no shield)
rNeg    . . .      Spirit   .   v - +0 scale mail
rPois   ∞          Reflect  .   c - +0 helmet
rElec   .          Harm     .   (no cloak)
rCorr   .          Rampage  .   (no gloves)
Will    .....                   (boots unavailable)
Stlth   +.........              (no amulet)
HPRegen 0.14/turn               (no ring)
MPRegen 0.00/turn               (no ring)

@: flying
A: sickness immunity, fire resistance 2, cold vulnerability 1, float, innate
caster, HP casting, extra vitality 1
a: Renounce Religion


You were on level 4 of the Dungeon.
You worshipped Wu Jian.
Wu Jian was aware of your devotion.
You visited 1 branch of the dungeon, and saw 4 of its levels.

You collected 138 gold pieces.
You spent 92 gold pieces at shops.

Inventory:

Hand Weapons
 a - a +0 long sword (weapon)
 s - a +0 dire flail
 x - a +0 hand crossbow
Missiles
 d - a throwing net (quivered)
 y - 13 bolts
Armour
 b - a +0 leather armour
 c - a +0 helmet (worn)
 o - a +0 ring mail
 v - a +0 scale mail (worn)
Wands
 r - a wand of mindburst (12)
Scrolls
 f - 4 scrolls of teleportation {unknown}
 g - 4 scrolls of identify {unknown}
 h - a scroll of brand weapon {unknown}
 n - a scroll of noise {unknown}
 q - a scroll of enchant armour {unknown}
 t - a scroll of amnesia {unknown}
 w - a scroll of fog {unknown}
 z - a scroll of acquirement {unknown}
Potions
 e - 3 potions of attraction {unknown}
 i - a potion of flight {unknown}
 j - a potion of curing {unknown}
 k - a potion of brilliance {unknown}
 l - a potion of resistance {unknown}
 m - 2 potions of haste {unknown}
 p - a potion of mutation {unknown}
 u - a potion of degeneration {unknown}
 A - a potion of lignification {unknown}


   Skills:
 + Level 2.3 Fighting
 + Level 4.1 Long Blades
 + Level 1.6 Throwing
 + Level 1.9 Armour
 + Level 4.0 Dodging
 + Level 1.8 Stealth


You had 2 spell levels left.
You knew the following spells:

 Your Spells              Type           Power      Damage    Failure   Level
a - Apportation           Tloc           0%         N/A       85%         1
b - Poisonous Vapours     Pois/Air       0%         N/A       94%         2
Your spell library was empty.

Dungeon Overview and Level Annotations

Branches:
Dungeon (4/15)
 Temple: D:4-7

Altars:
Wu Jian

Shops:
D:3 [

Annotations:
D:4 1 runed translucent door, Anonymone's ghost, amateur DsGl


Innate Abilities, Weirdness & Mutations

You are immune to sickness and miasma.
You are immune to poison.
Your flesh is very heat resistant. (rF++)
You are vulnerable to cold. (rC-)
You float through the air rather than walking.
You learn spells naturally, not from books.
Your magical power is your life essence.
You have superior vitality. (+4 MHP)


Message History

The Council accepts your kill.
You have reached level 6!
You now have 46 gold pieces (gained 14).
You see here an adder skeleton.
An orc comes into view. It is wielding a +0 flail.
An orc is nearby!
An orc warrior and an orc priest come into view.
The orc warrior is wielding a +0 war axe and wearing a +1 chain mail of fire resistance.
The orc warrior shouts!
The orc priest shouts!
An orc comes into view. It is wielding a +0 hand axe.
The orc shouts!
You slash the orc!
You kill the orc!
The Council accepts your kill.
The orc priest mumbles some strange prayers to Beogh against you.
Beogh smites you!
A hobgoblin comes into view.
Things that are here:
a +0 flail; a +0 ring mail; an orc corpse The orc priest invokes the aid of Beogh against you.
Beogh smites you!
The hobgoblin shouts!
Unknown command.
The orc priest invokes the aid of Beogh against you.
Beogh smites you!
* * * LOW HITPOINT WARNING * * *
You closely miss the orc warrior. The orc warrior closely misses you.
An ogre comes into view. It is wielding a +0 giant club.
You hit the orc warrior but do no damage.
The orc hits you but does no damage. x2
The orc warrior hits you with a +0 war axe!
* * * LOW HITPOINT WARNING * * *
You lunge at the orc priest.
You closely miss the orc priest.
You spin and attack the orc warrior.
You hit the orc warrior but do no damage.
You spin to attack the orc, but your attack speed is too slow for a blow to land.
The orc priest hits you with a +0 short sword.
* * * LOW HITPOINT WARNING * * *
The orc hits you with a +0 hand axe.
You die...

..... #.#### #...#
#.##.. #...# #.##.# #
#...# #.##.. .#. #...#
#..... .... #...# ####..
..#..######...########.#
......g..............#.#
...O..o@...............#
##.#...oo............###
#.####.#...#.###### ..
#.#...#.# #. #.#...#.# #
#.#...#># # #.#...#.# #
#.......# # ###....####
#


You could see an orc warrior, an ogre, an orc priest, an orc and a hobgoblin.

Vanquished Creatures
  A hound (D:4)
  An orc wizard (D:3)
  Terence (D:2)
  7 adders
  5 orcs
  2 ball pythons
  5 endoplasms
  A giant cockroach (D:3)
  4 goblins
  5 hobgoblins
  4 jackals (D:3)
  4 kobolds
  4 quokkas
  3 bats (D:1)
  A frilled lizard (D:2)
  3 rats
  4 bushes (D:2)
55 creatures vanquished.

Vanquished Creatures (others)
  6 plants (D:2)
6 creatures vanquished.

Grand Total: 61 creatures vanquished

Notes
Turn   | Place    | Note
-------+----------+-------------------------------------------
     0 | D:1      | cyrus the Djinni Gladiator began the quest for the Orb.
     0 | D:1      | Reached XP level 1. HP: 18/18 MP: 0/0
   137 | D:1      | Reached XP level 2. HP: 23/23 MP: 0/0
  1493 | D:2      | Reached XP level 3. HP: 24/28 MP: 0/0
  1493 | D:2      | Learned a level 1 spell: Apportation
  1696 | D:2      | Found a faded altar of an unknown god.
  1699 | D:2      | Noticed Terence
  1716 | D:2      | Killed Terence
  1717 | D:2      | Reached skill level 1 in Armour
  1717 | D:2      | Reached XP level 4. HP: 11/33 MP: 0/0
  2047 | D:2      | Prayed at the altar of an unknown god.
  2047 | D:2      | Became a worshipper of the Wu Jian Council
  2047 | D:2      | Reached * piety under Wu Jian
  2562 | D:2      | Upgraded the game from 0.29-a0-11-ga75d3d97ab to
                  | 0.29-a0-82-g837932c90e
  2787 | D:3      | Found Emacyow's Antique Armour Shoppe.
  3069 | D:3      | Reached skill level 1 in Stealth
  3069 | D:3      | Reached XP level 5. HP: 38/38 MP: 0/0
  3069 | D:3      | Learned a level 2 spell: Poisonous Vapours
  3665 | D:3      | Bought a scale mail for 92 gold pieces
  4888 | D:4      | Found a runed translucent door.
  4890 | D:4      | Noticed Anonymone's ghost (amateur DsGl)
  4921 | D:4      | Noticed a bullfrog
  5020 | D:4      | Reached XP level 6. HP: 42/44 MP: 0/0
  5088 | D:4      | Noticed an orc warrior
  5094 | D:4      | Noticed an ogre
  5095 | D:4      | HP: 2/44 [orc warrior (7)]
  5096 | D:4      | Slain by an orc

Illustrated notes

Levels and vault maps discovered:
D:1:      lightli_iron_boxes, layout_basic, bh_walls_and_bars
D:2:      layout_loops_ring, shapermc_ecumenical_altar_starsandcircs,
          serial_forest, infiniplex_forest_clump_curved,
          infiniplex_forest_clump_long, infiniplex_forest_straight_4,
          infiniplex_forest_straight_3, infiniplex_forest_lined_room_2,
          infiniplex_forest_pool, infiniplex_forest_clump_C,
          infiniplex_forest_straight_5, infiniplex_forest_end_1,
          infiniplex_forest_clump_tiny, uniq_terence
D:3:      layout_loops_corners, serial_shops, nicolae_shop_waterfront,
          roderic_lattice_a, grunt_ministairs_14
D:4:      layout_loops_cross, trog_antimagical, kennysheep_little_box,
          minmay_temple_entry_gardened_gates, ebering_ghost_sewer_f,
          chequers_serial_rivers_micro_e, hex_tiny

Skill      XL: |  1  2  3  4  5 |
---------------+----------------+-----
Long Blades    | 3 4 |  4.1
Armour         | 1 |  1.9
Dodging        | 4 |  4.0
Stealth        | 1 |  1.8
Fighting       | |  2.3
Throwing       | |  1.6

Action                   |  1- 3 |  4- 6 || total
-------------------------+-------+-------++-------
Melee: Long sword        |    94 |   452 ||   546
       Punch             |       |     7 ||     7
Throw: Throwing net      |     2 |     1 ||     3
Invok: Lunge             |       |     5 ||     5
       Whirlwind         |       |     2 ||     2
 Stab: Sleeping          |     1 |       ||     1
Armor: Leather armour    |    37 |       ||    37
       Ring mail         |    10 |    26 ||    36
       Scale mail        |       |    22 ||    22
Dodge: Dodged            |    81 |    66 ||   147

Table legend: (Time is in decaauts)
 A = Elapsed time spent in this place.
 B = Non-inter-level travel time spent in this place.
 C = Inter-level travel time spent in this place.
 D = Time resting spent in this place.
 E = Time spent auto-exploring this place.
 F = Levels seen in this place.
 G = Mean time per level.
                   A        B        C        D        E       F      G
               +--------+--------+--------+--------+--------+-----+--------+
         Total |   5215 |   4997 |    218 |   1002 |   2120 |   4 | 1303.8 |
       Dungeon |   5215 |   4997 |    218 |   1002 |   2120 |   4 | 1303.8 |
               +--------+--------+--------+--------+--------+-----+--------+

Top non-repeatable levels by time:
     D:2: 2504 daAuts
     D:3: 1495 daAuts
     D:1: 896 daAuts
     D:4: 318 daAuts
